General information
- name: BNet
- type: Ladder team game (AT/RT)
- host: Battle.net
- saver: Deegh
map: Cherryville
- players: 8
- length: 22:30
- speed: Fast
- version: 1.26 W3XP
- replay type: Public
» download(156 KB)
Players
team 1 (winner)

»
solo.noob (
orange | 61 APM | 1362 actions | 22:29)
6 Mountain King
3 Storm Bolt
2 Bash
1 Avatar
4 Paladin
2 Holy Light
2 Divine Shield
» actions
| Assign group hotkey | 19 | |
| Basic commands | 10 | |
| Build / train | 78 | |
| Enter build submenu | 29 | |
| Enter hero's abilities submenu | 10 | |
| Give item / drop item | 1 | |
| Remove unit from queue | 1 | |
| Right click | 503 | |
| Select / deselect | 290 | |
| Select group hotkey | 300 | |
| Use ability | 121 | |
1362 total
» units
| Peasant | 21 | |
| Footman | 6 | |
| Dragonhawk Rider | 9 | |
| Gryphon Rider | 6 | |
42 total
» upgrades
| Masonry | 1 | |
| Swords | 3 | |
| Lumber Harvesting | 2 | |
| Animal War Training | 1 | |
| Storm Hammers | 1 | |
| Cloud | 1 | |
| Armor | 1 | |
10 total
» buildings
| Altar of Kings | 1 | |
| Barracks | 1 | |
| Farm | 13 | |
| Town Hall | 2 | |
| Scout Tower | 5 | |
| Lumber Mill | 1 | |
| Arcane Tower | 1 | |
| Keep | 1 | |
| Guard Tower | 2 | |
| Arcane Vault | 1 | |
| Blacksmith | 1 | |
| Castle | 1 | |
| Gryphon Aviary | 3 | |
33 total
» build order
00:13 Altar of Kings
00:29 Barracks
00:42 Farm
01:10 Farm
01:35 Farm
02:51 Farm
04:04 Town Hall
05:07 Scout Tower
05:11 Lumber Mill
05:20 Scout Tower
05:26 Scout Tower
05:30 Scout Tower
05:33 Scout Tower
05:39 Arcane Tower
05:58 Keep
06:14 Guard Tower
06:35 Arcane Vault
06:43 Blacksmith
06:52 Guard Tower
07:11 Farm
08:22 Castle
09:09 Gryphon Aviary
09:12 Gryphon Aviary
09:39 Farm
10:14 Gryphon Aviary
10:21 Farm
10:37 Farm
11:18 Farm
11:32 Farm
13:05 Farm
14:40 Farm
17:15 Farm
19:23 Town Hall
» items
| Scroll of Regeneration | 3 | |
| Lesser Clarity Potion | 3 | |
| Scroll of Town Portal | 2 | |
8 total

»
Esfahan (
green | 62 APM | 1403 actions | 22:29)
5 Far Seer
2 Feral Spirit
3 Chain Lighting
5 Tauren Chieftain
3 Endurance Aura
2 War Stomp
» actions
| Basic commands | 89 | |
| Build / train | 73 | |
| ESC pressed | 3 | |
| Enter build submenu | 18 | |
| Enter hero's abilities submenu | 14 | |
| Remove unit from queue | 3 | |
| Right click | 448 | |
| Select / deselect | 708 | |
| Use ability | 46 | |
1403 total
» units
| Peon | 14 | |
| Grunt | 6 | |
| Spirit Walker | 3 | |
| Tauren | 7 | |
| Shaman | 6 | |
36 total
» upgrades
| Armor | 3 | |
| Melee Weapons | 3 | |
| Berserker Strength | 0 | |
| Spirit Walker Training | 2 | |
| Shaman Training | 2 | |
| Pulverize | 1 | |
11 total
» buildings
| Orc Burrow | 7 | |
| Altar of Storms | 1 | |
| Barracks | 1 | |
| Voodoo Lounge | 1 | |
| Stronghold | 4 | |
| War Mill | 1 | |
| Great Hall | 1 | |
| Spirit Lodge | 1 | |
| Fortress | 3 | |
| Tauren Totem | 2 | |
22 total
» build order
00:04 Orc Burrow
00:07 Altar of Storms
00:45 Barracks
01:50 Orc Burrow
02:35 Voodoo Lounge
03:59 Stronghold
03:59 Stronghold
04:00 Stronghold
04:24 Orc Burrow
04:49 War Mill
05:47 Orc Burrow
06:45 Great Hall
07:06 Orc Burrow
07:28 Spirit Lodge
08:02 Fortress
08:02 Fortress
10:41 Tauren Totem
10:45 Tauren Totem
15:10 Orc Burrow
17:52 Orc Burrow
» items
| Healing Salve | 1 | |
| Tiny Great Hall | 1 | |
| Scroll of Town Portal | 1 | |
3 total
TurtleBear (
red | 35 APM | 795 actions | 22:29)
6 Paladin
1 Holy Light
3 Devotion Aura
1 Divine Shield
1 Resurrection
» actions
| Basic commands | 48 | |
| Build / train | 79 | |
| Enter build submenu | 34 | |
| Enter hero's abilities submenu | 6 | |
| Right click | 328 | |
| Select / deselect | 247 | |
| Use ability | 53 | |
795 total
» units
| Peasant | 16 | |
| Footman | 18 | |
| Rifleman | 11 | |
| Priest | 6 | |
| Spell Breaker | 5 | |
| Knight | 3 | |
59 total
» upgrades
| Priest Training | 1 | |
| Long Rifles | 1 | |
| Animal War Training | 1 | |
3 total
» buildings
| Barracks | 2 | |
| Farm | 13 | |
| Altar of Kings | 1 | |
| Keep | 1 | |
| Arcane Vault | 2 | |
| Town Hall | 2 | |
| Blacksmith | 1 | |
| Scout Tower | 9 | |
| Arcane Tower | 5 | |
| Arcane Sanctum | 2 | |
| Lumber Mill | 1 | |
| Castle | 1 | |
| Guard Tower | 2 | |
42 total
» build order
00:24 Barracks
00:41 Barracks
01:07 Farm
01:35 Farm
01:47 Farm
02:06 Farm
02:43 Altar of Kings
03:57 Farm
04:06 Farm
04:32 Keep
05:19 Farm
05:24 Farm
05:39 Farm
06:11 Arcane Vault
06:25 Town Hall
06:42 Blacksmith
06:52 Scout Tower
07:27 Scout Tower
07:30 Scout Tower
07:53 Arcane Tower
08:48 Scout Tower
09:03 Scout Tower
09:13 Arcane Sanctum
09:20 Arcane Sanctum
09:39 Arcane Tower
09:56 Arcane Tower
10:01 Scout Tower
11:04 Scout Tower
11:17 Arcane Tower
11:24 Arcane Vault
11:37 Lumber Mill
11:53 Arcane Tower
11:57 Scout Tower
12:24 Castle
13:34 Guard Tower
13:38 Scout Tower
14:58 Guard Tower
15:20 Farm
15:22 Farm
18:21 Farm
18:27 Farm
20:40 Town Hall

»
Deegh (
pink | 72 APM | 1616 actions | 22:30)
7 Archmage
3 Blizzard
3 Brilliance Aura
1 Mass Teleport
» actions
| Assign group hotkey | 20 | |
| Basic commands | 79 | |
| Build / train | 84 | |
| Enter build submenu | 39 | |
| Enter hero's abilities submenu | 8 | |
| Give item / drop item | 1 | |
| Right click | 547 | |
| Select / deselect | 432 | |
| Select group hotkey | 345 | |
| Use ability | 61 | |
1616 total
» units
| Peasant | 19 | |
| Footman | 5 | |
| Gryphon Rider | 7 | |
| Dragonhawk Rider | 1 | |
| Knight | 2 | |
34 total
» upgrades
| Lumber Harvesting | 2 | |
| Swords | 3 | |
| Masonry | 3 | |
| Armor | 3 | |
| Animal War Training | 1 | |
| Storm Hammers | 1 | |
| Cloud | 1 | |
| Plating | 3 | |
| Long Rifles | 1 | |
| Defend | 1 | |
19 total
» buildings
| Altar of Kings | 1 | |
| Farm | 10 | |
| Barracks | 2 | |
| Scout Tower | 12 | |
| Arcane Tower | 2 | |
| Arcane Vault | 1 | |
| Keep | 1 | |
| Blacksmith | 1 | |
| Town Hall | 1 | |
| Lumber Mill | 2 | |
| Castle | 1 | |
| Guard Tower | 10 | |
| Gryphon Aviary | 2 | |
46 total
» build order
00:04 Altar of Kings
00:07 Farm
00:22 Barracks
01:03 Farm
01:29 Scout Tower
01:51 Farm
02:06 Arcane Tower
02:56 Arcane Vault
03:13 Farm
03:46 Keep
04:45 Blacksmith
05:15 Scout Tower
05:51 Town Hall
06:24 Farm
06:26 Farm
06:32 Lumber Mill
07:21 Arcane Tower
08:04 Scout Tower
08:22 Castle
08:43 Guard Tower
08:43 Guard Tower
09:10 Scout Tower
09:11 Scout Tower
09:45 Guard Tower
10:11 Gryphon Aviary
11:03 Gryphon Aviary
12:22 Farm
13:09 Farm
13:11 Scout Tower
13:16 Scout Tower
13:19 Scout Tower
13:40 Guard Tower
14:12 Guard Tower
14:53 Scout Tower
14:58 Scout Tower
14:59 Scout Tower
17:33 Farm
18:13 Farm
18:27 Barracks
20:14 Guard Tower
20:14 Guard Tower
20:49 Scout Tower
21:21 Guard Tower
21:59 Lumber Mill
» items
| Scroll of Regeneration | 3 | |
| Boots of Speed | 1 | |
| Periapt of Vitality | 1 | |
| Scroll of Town Portal | 1 | |
6 total
team 2 (loser)
Psycho[AD] (
yellow | 39 APM | 681 actions | 17:37)
5 Blademaster
2 Wind Walk
3 Critical Strike
» actions
| Assign group hotkey | 1 | |
| Build / train | 58 | |
| Enter build submenu | 19 | |
| Enter hero's abilities submenu | 5 | |
| Give item / drop item | 5 | |
| Remove unit from queue | 9 | |
| Right click | 342 | |
| Select / deselect | 201 | |
| Select group hotkey | 1 | |
| Use ability | 40 | |
681 total
» units
| Peon | 10 | |
| Grunt | 5 | |
| Shaman | 6 | |
| Tauren | 9 | |
30 total
» upgrades
| Berserker Strength | 1 | |
| Shaman Training | 2 | |
| Pulverize | 1 | |
| Melee Weapons | 1 | |
| Armor | 0 | |
5 total
» buildings
| Altar of Storms | 1 | |
| Orc Burrow | 7 | |
| Barracks | 1 | |
| War Mill | 1 | |
| Stronghold | 1 | |
| Voodoo Lounge | 1 | |
| Spirit Lodge | 1 | |
| Fortress | 1 | |
| Great Hall | 1 | |
| Tauren Totem | 2 | |
17 total
» build order
00:08 Altar of Storms
00:11 Orc Burrow
01:39 Barracks
02:00 Orc Burrow
02:37 War Mill
02:51 Orc Burrow
03:13 Stronghold
04:22 Voodoo Lounge
05:22 Orc Burrow
05:58 Spirit Lodge
06:09 Fortress
06:33 Orc Burrow
07:29 Orc Burrow
08:13 Great Hall
09:29 Tauren Totem
10:12 Tauren Totem
12:44 Orc Burrow
» items
| Scroll of Healing | 1 | |
| Boots of Speed | 1 | |
| Orb of Lightning | 1 | |
| Healing Salve | 2 | |
| Lesser Clarity Potion | 1 | |
6 total

»
K(L-Breadzorz (
teal | 33 APM | 753 actions | 22:29)
4 Mountain King
2 Storm Bolt
2 Bash
2 Paladin
1 Holy Light
1 Divine Shield
» actions
| Assign group hotkey | 16 | |
| Basic commands | 41 | |
| Build / train | 82 | |
| Enter build submenu | 33 | |
| Enter hero's abilities submenu | 6 | |
| Give item / drop item | 1 | |
| Remove unit from queue | 1 | |
| Right click | 227 | |
| Select / deselect | 209 | |
| Select group hotkey | 64 | |
| Use ability | 73 | |
753 total
» units
| Peasant | 9 | |
| Footman | 6 | |
| Goblin Shredder | 1 | |
| Siege Engine | 9 | |
| Knight | 4 | |
| Gryphon Rider | 4 | |
33 total
» upgrades
| Masonry | 3 | |
| Lumber Harvesting | 2 | |
| Swords | 3 | |
| Plating | 3 | |
| Gunpowder | 3 | |
| Animal War Training | 1 | |
| Barrage | 1 | |
16 total
» buildings
| Farm | 11 | |
| Altar of Kings | 1 | |
| Scout Tower | 7 | |
| Arcane Tower | 1 | |
| Barracks | 5 | |
| Blacksmith | 1 | |
| Lumber Mill | 1 | |
| Arcane Vault | 1 | |
| Town Hall | 1 | |
| Keep | 1 | |
| Guard Tower | 2 | |
| Castle | 1 | |
| Workshop | 4 | |
37 total
» build order
00:24 Farm
00:36 Altar of Kings
00:52 Scout Tower
01:02 Farm
01:22 Arcane Tower
01:39 Farm
02:21 Farm
02:29 Barracks
02:33 Barracks
02:38 Barracks
02:59 Farm
03:31 Blacksmith
03:50 Scout Tower
04:01 Lumber Mill
05:09 Scout Tower
05:41 Arcane Vault
06:31 Town Hall
06:38 Keep
08:12 Guard Tower
10:37 Castle
12:45 Barracks
12:48 Barracks
13:12 Workshop
13:13 Workshop
13:56 Workshop
13:57 Workshop
14:29 Farm
14:30 Farm
15:42 Farm
15:44 Farm
18:30 Scout Tower
18:31 Scout Tower
20:14 Guard Tower
20:39 Farm
20:39 Farm
21:49 Scout Tower
21:50 Scout Tower
» items
| Scroll of Regeneration | 3 | |
| Mechanical Critter | 2 | |
| Lesser Clarity Potion | 3 | |
| Boots of Speed | 2 | |
| Potion of Lesser Invulnerability | 1 | |
| Potion of Mana | 1 | |
| Scroll of Protection | 1 | |
| Scroll of Healing | 1 | |
| Orb of Fire | 2 | |
| Scroll of Town Portal | 3 | |
19 total

»
877-CASH-NOW (
purple | 46 APM | 812 actions | 17:29)
4 Mountain King
2 Storm Bolt
2 Thunder Clap
» actions
| Assign group hotkey | 25 | |
| Basic commands | 22 | |
| Build / train | 57 | |
| Enter build submenu | 33 | |
| Enter hero's abilities submenu | 4 | |
| Give item / drop item | 1 | |
| Right click | 268 | |
| Select / deselect | 242 | |
| Select group hotkey | 119 | |
| Use ability | 41 | |
812 total
» units
| Peasant | 17 | |
| Footman | 4 | |
| Dragonhawk Rider | 1 | |
| Gryphon Rider | 16 | |
38 total
» upgrades
| Masonry | 1 | |
| Backpack | 1 | |
| Lumber Harvesting | 2 | |
| Swords | 1 | |
| Plating | 2 | |
| Storm Hammers | 1 | |
8 total
» buildings
| Altar of Kings | 1 | |
| Farm | 13 | |
| Barracks | 1 | |
| Arcane Vault | 1 | |
| Town Hall | 1 | |
| Lumber Mill | 2 | |
| Keep | 1 | |
| Blacksmith | 1 | |
| Gryphon Aviary | 4 | |
| Castle | 1 | |
26 total
» build order
00:11 Altar of Kings
00:19 Farm
00:32 Barracks
01:14 Farm
01:55 Arcane Vault
03:41 Town Hall
04:10 Farm
05:21 Lumber Mill
05:32 Lumber Mill
05:45 Keep
07:06 Farm
07:43 Blacksmith
08:32 Gryphon Aviary
08:43 Castle
08:53 Gryphon Aviary
08:56 Gryphon Aviary
08:59 Gryphon Aviary
10:53 Farm
10:54 Farm
10:55 Farm
12:39 Farm
12:44 Farm
12:47 Farm
13:31 Farm
13:55 Farm
14:00 Farm
» items
| Scroll of Regeneration | 1 | |
| Scroll of Town Portal | 1 | |
| Orb of Fire | 1 | |
3 total

»
Dukesilver (
blue | 49 APM | 1094 actions | 22:13)
5 Tauren Chieftain
3 Shockwave
2 Endurance Aura
» actions
| Assign group hotkey | 20 | |
| Build / train | 53 | |
| Enter build submenu | 13 | |
| Enter hero's abilities submenu | 7 | |
| Give item / drop item | 2 | |
| Remove unit from queue | 1 | |
| Right click | 382 | |
| Select / deselect | 190 | |
| Select group hotkey | 376 | |
| Use ability | 50 | |
1094 total
» units
| Peon | 7 | |
| Troll Headhunter/Berserker | 13 | |
| Wind Rider | 6 | |
| Troll Batrider | 1 | |
27 total
» upgrades
| Ranged Weapons | 1 | |
| Troll Regeneration | 1 | |
| Berserker Upgrade | 1 | |
| Armor | 1 | |
| Envenomed Spears | 1 | |
5 total
» buildings
| Altar of Storms | 2 | |
| Orc Burrow | 6 | |
| War Mill | 1 | |
| Barracks | 1 | |
| Stronghold | 1 | |
| Voodoo Lounge | 1 | |
| Watch Tower | 1 | |
| Beastiary | 1 | |
| Fortress | 1 | |
15 total
» build order
00:12 Altar of Storms
00:17 Altar of Storms
00:21 Orc Burrow
00:45 War Mill
01:07 Barracks
02:11 Orc Burrow
03:09 Stronghold
04:05 Voodoo Lounge
04:31 Watch Tower
05:14 Orc Burrow
05:54 Beastiary
07:30 Orc Burrow
09:02 Orc Burrow
09:09 Fortress
10:09 Orc Burrow
» items
| Healing Salve | 3 | |
| Potion of Mana | 1 | |
| Scroll of Town Portal | 4 | |
| Potion of Healing | 2 | |
| Orb of Lightning | 1 | |
| Scroll of Regeneration | 1 | |
12 total
Chat log
(00:10 / All) Deegh: almost all random players
(03:09 / Allies) Deegh: units?
(03:16 / Allies) Esfahan: melee
(03:27 / Allies) Deegh: k, I'll get air
(09:39 / Allies) Deegh: b
(09:42 / Allies) Deegh: they have air
(10:03 / Allies) solo.noob: wood pls
(11:05 / All) 877-CASH-NOW: LOL
(11:10 / All) Deegh: ?
(12:09 / Allies) Deegh: making gryphons
(12:32 / Allies) solo.noob: wood pls
(14:19 / Allies) solo.noob: tp
(14:32 / Allies) Deegh: gj
(14:33 / All) solo.noob: HAHA
(14:39 / All) Psycho[AD]: lol u all tped
(14:40 / Allies) Deegh: counter
(14:42 / All) Psycho[AD]: u had us alone
(16:04 / All) solo.noob: :D
(16:39 / All) Deegh: 0 gryphons lost
(16:48 / All) solo.noob: me too
(16:49 / All) solo.noob: :D
(17:40 / All) Deegh: gg
(18:01 / All) solo.noob: GGGGGGGGGGGGGGGGGGGg
(18:21 / Allies) solo.noob: ofc
(20:26 / All) solo.noob: :)
(21:26 / All) solo.noob: leave pls
(21:41 / All) Deegh: nice castle kill
(21:42 / All) Deegh: o wait
(21:44 / All) Deegh: free xp and tanks
(22:00 / All) TurtleBear: thats a good city
(22:14 / All) Deegh: AMOVE AMOVE AMOVE AMOVE AMOVE AMOVE EZ
(22:23 / All) solo.noob: more towers pls :D